Workbook
Name _GoBack: 'Introduction to the research'!$A$6

Sheet Introduction to the research
A1: Consumers engagement in knowledge sharing with business organizations (enterprises) and public organizations (i.e. schools, public administration)
A2: Dr Roisin Mullins and Dr Sandra Dettmer
A3: (this file shouldn't be used and copied without authors' permission. Contact to the authors: r.mullins@uwtsd.ac.uk)
A5: Knowledge is a strategic advantage which helps business and public organizations sustain as well as maintain their market competitiveness . Moreover, customer knowledge becomes an essential intangible asset for every line of business and public adminitration , leads to better response and respect toward customers, makes a contribution towards new and innovative products, contributes to the improvement of business value, and enhances the competitiveness of businesses. Consumers who share their knowledge with enterprises with the aim of creating values and benefits for enterprises and their own consumption are known as “prosumers,” whereas the process in which they share knowledge with enterprises is consistent with the notion of “prosumption” (for more detailed information read: ). In general, prosumption refers to situations in which prosumers share knowledge not only with enterprises, but also with other prosumers to produce things of value for enterprises, and also for themselves. They can share knowledge voluntary and do not expect any tangible benefits. Other times they share knowledge under the condition of obtaining certain benefits in return, such as rewards or fulfilling personal goals. To share their knowledge individuals use ICT. For more information you may read: 1) Investigating incentives that encouraged and can encourage Polish and UK-based prosumers to engage in knowledge sharing: www.iiakm.org/ojakm/articles/2017/volume5_1/OJAKM_Volume5_1pp72-100.pdf; 2) Identifying more about customers: the phenomenon of the switch to the knowledge exchange: www.iiakm.org/ojakm/articles/2016/volume4_1/OJAKM_Volume4_1pp165-179.pdf 3) Information and Communication Technologies for Supporting Prosumers Knowledge Sharing – Evidence from Poland and United Kingdom: https://fedcsis.org/proceedings/2016/drp/285.html 4) Tapscott, Williams, Wikinomics, 2008; 5) Toffler, The third wave, 1980
A6: Practical cases of the prosumption:
A7: https://www.shoesofprey.com/
A8: https://www.lego.com/en-gb/friends/explore/friends-designer?ignorereferer=true
A10: The research puropses are:
A11: a) the identification of business and public organisations which are promoting prosumptions projects and thus engaging prosumers to knowledge sharing;
A12: b) the identification of products and services in creation of which prosumers knowledge is use;
A13: c) the identification of business processes in which prosumers share their knowledge to create a new or to improve an existing product or service;
A14: d) the identification of the ways which prosumers may use to share their knowledge;
... A16: f) the identification of information and communication technologies (ICT) which serve as a tool to knowledge sharing

Sheet BP - model
B1: The model of business processes
B3: Business process | C3: Possibilities of prosumers' participation
B4: 2.0 Develop and Manage Products and Services | C4: • products’ designing (colors, shape or design of product); • materials requirement (with what kind of materials the product should be done); • graphic elements (e.g. logo or package); • improving functionality of product; • improving reliability and durability of product; • improving ease of product use; • improving efficiency of product; • improving ICT made available to consumers
B6: 3.0 Market and Sell Products and Services | C6: • creating advertising spots or taking part in marketing campaigns; • influencing products’ prices; • influencing promotions, discounts or loan programs; • influencing product availability and new distribution channels
B7: 4.0 Deliver Products and Services | C7: • improving ordering process • establishing new ways of ordering products and their delivery
B8: 5.0 Manage Customer Service | C8: • improving quality and lead time of customer service • improving handling complaints and warranty services • defining success factors of effective and professional customer service

Sheet Business Processes
A1: PROSUMER BUSINESS PROCESSES TO IMPROVE PRODUCT OR SERVICE
A2: To share knowledge to create new or improve existing product or service
A3: NOTE:
A4: Empty cells should be filled in by the URL addresses (i.e. https://www.shoesofprey.com/) of the web pages on which it was possible to observe prosumers activities connected with their ideas or knowledge. Subsequently these URLs will be use to verify the realibilty of gathered data.
A5: Company name and name of the product (B and C columns) you should type just ONCE only in this sheet. It should be copied to the others sheet automatically.
A7: NO. | B7: Company name | C7: Number of Employees | D7: Company Size SMALL <250 MEDIUM 250 - 500 LARGE 500 - 1000 MEGGA >1000 | E7: Business Secor - Broad version | F7: Business Sector | G7: Evidence of Sustainability focus (YES/NO) | H7: If Sustainability - where is the evidence ? State words and expressions used | I7: If Sustainability - where is the evidence - state the web site | J7: Short description of observed prosumers activity | K7: Do you contribute to ideas for Products’ (designing parts of products) | L7: Ideas or suggestions relating to materials used in the production process (with what kind of material the product/part of the product should be done) | M7: Ideas or suggestions relating to the products' look and their packaging | N7: Ideas or suggestions relating to the products' functionality | O7: Ideas or suggestions relating to reliability of the products | P7: Ideas or suggestions relating to convenience / usage of the products | Q7: Ideas or suggestions relating to the products' efficiency | R7: Ideas or suggestions relating to advertising spots and marketing campaigns | S7: Ideas or suggestions relating to products' prices, discounts and promotions | T7: Ideas or suggestions relating to loan programs | U7: Ideas or suggestions relating to the possible to deliver the products | V7: Ideas or suggestions relating to the ordering processes | W7: Ideas or suggestions relating to the handling of consumers' complaints and warranty services | X7: Ideas or suggestions relating to the quality and lead time of customer service | Y7: Other
A8: 1 | B8: https://www.pukkaherbs.com/ | C8: 70 | D8: =IF(C8<250,"SMALL",IF(C8<500,"MEDIUM",IF(C8<1000,"LARGE","MEGGA"))) -> SMALL | E8: Food Retail | F8: Tea | G8: YES | H8: Donating to enviromental charities and 100% of their teas are Fair for Life. 1% for the Planet,1% turNOver to environmental and social causes sourcing 100% organic ingredients to reducing our carbon footprint; 100% Certified organic herbs, protecting people, plants and planet £89K Invested into Community in 2016, fair premium funds for producers and communities, Renewable electricity from British sunshine, wind and rain, zero waste to landfill, helping to keep our operational footprint light | I8: https://www.pukkaherbs.com/your-wellbeing/stories/planet/sustainability-at-pukka/ https://www.pukkaherbs.com/media/76569880/pukka-sustainability-highlights-2016.pdf https://www.pukkaherbs.com/our-mission/inspiring-change/ | J8: https://www.pukkaherbs.com/your-wellbeing/stories/people/partners/bizgive/ https://www.pukkaherbs.com/media/76569880/pukka-sustainability-highlights-2016.pdf https://www.pukkaherbs.com/our-mission/inspiring-change/ | Y8: Use the website to suggest via voting on how to donate to community projects.
A9: 2 | B9: www.Dell.com | C9: 101,800 | D9: =IF(C9<250,"SMALL",IF(C9<500,"MEDIUM",IF(C9<1000,"LARGE","MEGGA"))) -> MEGGA | E9: Technology | F9: Technology | G9: YES | H9: YES Dell incorporates sustainability into their business from recycling to design. Dell's partners will intercept ocean plastics at the source (in waterways, shorelines and beaches), before they reach the ocean. Partner companies will then process and refine the recovered plastics, mixing them with other recycled plastics to create packaging for deliveries. | I9: http://www.dell.com/learn/us/en/uscorp1/dell-environment?c=us&l=en&s=corp http://www.telegraph.co.uk/connect/better-business/business-sustainability/business-put-planet-first-in-2018/ | J9: http://www.ideastorm.com/ | K9: YES | L9: YES | M9: YES | N9: YES | O9: YES | P9: YES | Q9: YES | R9: YES | S9: YES | V9: YES | W9: YES | X9: YES | Y9: Web site encourages suggestions from consumers, and upload articles to vote on, and create time limited sessions for consumers to discuss an issue
A10: 3 | B10: https://twitter.com/ | C10: 3583 | D10: =IF(C10<250,"SMALL",IF(C10<500,"MEDIUM",IF(C10<1000,"LARGE","MEGGA"))) -> MEGGA | E10: Media | F10: Private | G10: YES | H10: Corporate executives take to Twitter to cover sustainability-based topics | I10: https://www.theguardian.com/sustainable-business/blog/twitter-csr-corporate-social-responsibility-communications | J10: https://books.google.co.uk/books?isbn=1473987490 | K10: NO | L10: NO | M10: NO | N10: NO | O10: NO | P10: NO | Q10: NO | R10: YES | S10: NO | T10: NO | U10: NO | V10: NO | W10: NO | X10: YES
A11: 4 | B11: https://www.amazon.co.uk/ | C11: 541,900 | D11: =IF(C11<250,"SMALL",IF(C11<500,"MEDIUM",IF(C11<1000,"LARGE","MEGGA"))) -> MEGGA | E11: Retail | F11: Private | G11: YES | H11: AWS commits to running business in the most environmentally friendly way | I11: https://www.amazon.co.uk/p/feature/kn3cxony42ececj | J11: https://www.amazon.co.uk/ | K11: YES | L11: YES | M11: YES | N11: YES | O11: YES | P11: YES | Q11: YES | R11: YES | S11: YES | T11: NO | U11: YES | V11: YES | W11: YES | X11: YES
A12: 5 | B12: https://www.facebook.com/ | C12: 25,105 | D12: =IF(C12<250,"SMALL",IF(C12<500,"MEDIUM",IF(C12<1000,"LARGE","MEGGA"))) -> MEGGA | E12: Media | F12: Private | G12: YES | H12: Give people the power to build community and bring the world closer together | I12: https://sustainability.fb.com/ | J12: https://www.facebook.com/ | K12: NO | L12: NO | M12: NO | N12: NO | O12: NO | P12: NO | Q12: NO | R12: YES | S12: YES | T12: NO | U12: NO | V12: NO | W12: NO | X12: YES
A13: 6 | B13: https://www.uber.com/ | C13: 12,000 | D13: =IF(C13<250,"SMALL",IF(C13<500,"MEDIUM",IF(C13<1000,"LARGE","MEGGA"))) -> MEGGA | E13: Transport | F13: Private | G13: YES | H13: Uber will decrease carbon emissions in cities by lessening people'e reliance on personal automobiles | I13: https://motherboard.vice.com/en_us/article/78kkj9/is-uber-good-or-bad-for-the-environment | J13: https://www.uber.com/ | K13: NO | L13: NO | M13: NO | N13: NO | O13: YES | P13: YES | Q13: YES | R13: NO | S13: YES | T13: NO | U13: NO | V13: NO | W13: NO | X13: YES
A14: 7 | B14: https://www.youtube.com/ | C14: 2000 | D14: =IF(C14<250,"SMALL",IF(C14<500,"MEDIUM",IF(C14<1000,"LARGE","MEGGA"))) -> MEGGA | E14: Media | F14: Private | G14: YES | H14: Usage of green electricity and making data centres as efficient as possible | I14: https://rankabrand.org/websites/YouTube | J14: https://www.youtube.com/ | K14: YES | L14: NO | M14: NO | N14: YES | O14: YES | P14: YES | Q14: YES | R14: YES | S14: YES | T14: NO | U14: NO | V14: NO | W14: NO | X14: YES
A15: 8 | B15: https://www.o2.co.uk/ | C15: 700 | D15: =IF(C15<250,"SMALL",IF(C15<500,"MEDIUM",IF(C15<1000,"LARGE","MEGGA"))) -> LARGE | E15: Communication | F15: TechNOlogy | G15: YES | H15: Big Blueprint, Carbon print, 12 million customers encouraged to make different choices, such as rating the sustainability credentials of the phones they buy. | I15: https://www.o2.co.uk/thinkbig/history | J15: http://static.o2.co.uk/www/docs/thinkbig/think-big-blueprint-1-progress-report-2012-to-2015.pdf | K15: YES | L15: YES | N15: YES | O15: YES | P15: YES | Q15: YES | R15: YES | S15: YES | U15: YES | V15: YES | W15: YES | Y15: Website clearly shows different packages to allow consumers to chose the best package for themselves. Website provides contact details for issues or questions. There is access to complain
A16: 9 | B16: https://www.apple.com/uk/ | C16: 123,000 | D16: =IF(C16<250,"SMALL",IF(C16<500,"MEDIUM",IF(C16<1000,"LARGE","MEGGA"))) -> MEGGA | E16: Technology | F16: techNOlogy | G16: YES | H16: We’ve made energy efficiency a priority across all of our facilities | I16: https://images.apple.com/euro/environment/pdf/f/generic/Apple_Environmental_Responsibility_Report_2017.pdf | J16: https://support.apple.com/en-gb | L16: YES | N16: YES | O16: YES | P16: YES | Q16: YES | R16: YES | S16: YES | T16: YES | W16: YES | X16: YES | Y16: website encourages feedback and provides links for many different topics relating to their products
A17: 10 | B17: http://ee.co.uk/ | C17: 10000 | D17: =IF(C17<250,"SMALL",IF(C17<500,"MEDIUM",IF(C17<1000,"LARGE","MEGGA"))) -> MEGGA | E17: Communication | F17: TechNOlogy | G17: YES | H17: Reduce our carbon emissions by 50% by 2015, based on our 2010 baseline | I17: http://ee.co.uk/our-company/corporate-responsibility/building-trust/the-environment | J17: http://ee.co.uk/our-company/corporate-responsibility/building-trust/our-customers | N17: YES | O17: YES | P17: YES | Q17: YES | R17: YES | S17: YES | T17: YES | W17: YES | X17: YES | Y17: website consists of links which lead to alternative information
A18: 11 | B18: https://www.tesco.com/ | C18: 476,000 | D18: =IF(C18<250,"SMALL",IF(C18<500,"MEDIUM",IF(C18<1000,"LARGE","MEGGA"))) -> MEGGA | E18: retail | F18: Retail | G18: YES | H18: We are working with our suppliers and others in industry to phase out the use of all hazardous chemicals from our supply chain, including agriculture, textiles and leather, by 2020 | I18: https://www.tescoplc.com/news/blogs/topics/reducing-environmental-impact-when-sustainably-sourcing-tesco-products/ | J18: https://www.tesco.com/help/contact/ | K18: YES | L18: YES | M18: YES | N18: YES | O18: YES | P18: YES | Q18: NO | R18: YES | S18: NO | T18: NO | U18: YES | V18: YES | W18: YES | X18: YES
A19: 12 | B19: https://www.samsung.com/uk/ | C19: 489,000 | D19: MEGGA | E19: Technology | F19: Technology | G19: YES | H19: ur endeavors to create innovative technologies and products pave the way to generate profits and secure new growth drivers. We strive to embed innovation into the fabric of our corporate culture while creating synergies through the use of external resources to pursue open innovation. In doing so, we take a step closer to building an ecosystem to develop innovative products that cater to the needs of today’s rapidly-shifting market. | I19: https://www.samsung.com/uk/aboutsamsung/sustainability/strategy/ | J19: https://uk.trustpilot.com/review/www.samsung.com/uk | K19: YES | L19: YES | M19: YES | N19: YES | O19: YES | P19: YES | Q19: YES | R19: NO | S19: NO | T19: NO | U19: YES | V19: YES | W19: NO | X19: NO
A20: 13 | B20: https://www.marksandspencer.com/ | C20: 84939 | D20: MEGGA | E20: Retail | F20: Retail | G20: YES | H20: In November 2017, we launched a new plan to accelerate the transformation of our business with the aim of making M&S special again through sustainable, profitable growth that delivers value for customers, colleagues, shareholders, communities and planet alike | I20: https://corporate.marksandspencer.com/plan-a/report2018 | J20: https://uk.trustpilot.com/review/www.marksandspencer.com | K20: YES | L20: YES | M20: YES | N20: YES | O20: YES | P20: YES | Q20: YES | R20: NO | S20: YES | T20: NO | U20: NO | V20: NO | W20: YES | X20: YES
A21: 14 | B21: https://www.boots.com/ | C21: 56000 | D21: MEGGA | E21: Retail | F21: Retail | G21: YES | H21: , in 2018 Boots UK signed up to the UK Plastics Pact, led by WRAP | I21: http://www.boots-uk.com/corporate-social-responsibility/what-we-do/environment/ | J21: https://www.readsurvey.com/www-ourboots-com-our-boots-customer-satisfaction-survey.html | K21: YES | L21: YES | M21: YES | N21: YES | O21: YES | P21: YES | Q21: YES | R21: NO | S21: YES | T21: NO | U21: NO | V21: NO | W21: YES | X21: NO
A22: 15 | B22: https://www.ikea.com/gb/en/ | C22: 194,000 | D22: MEGGA | E22: Furniture | F22: Retail | G22: YES | H22: We know that you care about the world you live in, and so do we. That’s why IKEA is bringing the world’s most sustainable energy source to your home. We’ve teamed up with Solarcentury, the UK’s leading solar company, a partnership that can be trusted to deliver the most affordable solutions on the market. | I22: https://www.ikea.com/gb/en/this-is-ikea/people-planet/ | J22: http://www.ikea.feedback/reviews | K22: NO | L22: YES | M22: NO | N22: NO | O22: NO | P22: YES | Q22: NO | R22: NO | S22: YES | T22: YES | U22: YES | V22: NO | W22: NO | X22: NO
A23: 16 | B23: https://www.britishgas.co.uk/ | C23: 31278 | D23: MEGGA | E23: Gas Supplier | F23: Gas Supplier | G23: YES | H23: The energy we produce serves to power economic growth and lift people out of poverty. In the future, the way heat, light and mobility are delivered will change. We aim to anchor our business in these changing patterns of demand, rather than in the quest for supply. We have a real contribution to make to the world’s ambition of a low carbon future. | I23: https://www.bp.com/content/dam/bp/en/corporate/pdf/sustainability-report/group-reports/bp-sustainability-report-2016.pdf | J23: https://uk.trustpilot.com/review/www.britishgas.co.uk | K23: NO | L23: NO | M23: NO | N23: NO | O23: NO | P23: YES | Q23: YES | R23: NO | S23: NO | T23: NO | U23: NO | V23: NO | W23: YES | X23: NO
A24: 17 | B24: https://www.ford.co.uk/ | C24: 202000 | D24: MEGGA | E24: Car Supplier | F24: Motor Company | G24: YES | H24: We are focused on delivering our Ford Smart Mobility plan, providing solutions such as on-demand ride sharing to complement mass transit and continuing to invest in advanced vehicle technologies. | I24: https://corporate.ford.com/microsites/sustainability-report-2017-18/strategy-governance/strategy/index.html | J24: https://www.glassdoor.co.uk/Reviews/Ford-Motor-Company-UK-Reviews-E152869.htm | K24: YES | L24: YES | M24: YES | N24: YES | O24: YES | P24: YES | Q24: YES | R24: NO | S24: NO | T24: NO | U24: NO | V24: NO | W24: NO | X24: NO
A25: 18 | B25: https://www.ebay.co.uk/ | C25: 14100 | D25: MEGGA | E25: Online Retailer | F25: Online Retailer | G25: YES | H25: Wolverhampton, U.K., are learning from eBay how to reach entirely new markets and attract customers from virtually anywhere in the world, 24/7. The program aims to strengthen local economies | I25: https://www.ebayinc.com/impact/ | J25: https://uk.trustpilot.com/review/ebay.co.uk | K25: NO | L25: YES | M25: YES | N25: NO | O25: NO | P25: YES | Q25: NO | R25: YES | S25: YES | T25: NO | U25: YES | V25: YES | W25: YES | X25: YES
A26: 19 | B26: https://www.qvcuk.com/ | C26: 17,000 | D26: MEGGA | E26: Online Retailer | F26: Online Retailer | G26: YES | H26: Our shipping boxes are constructed with a minimum of 30% post-consumer waste and are 100% recyclable. | I26: https://www.qvc.com/AboutQVCEnviron.content.html?viewType=gallery&pageSize=96&redirh=t | J26: https://uk.trustpilot.com/review/www.qvcuk.com | K26: YES | L26: YES | M26: YES | N26: YES | O26: YES | P26: YES | Q26: YES | R26: YES | S26: YES | T26: YES | U26: YES | V26: YES | W26: YES | X26: YES
A27: 20 | B27: https://sse.co.uk/home | C27: 21157 | D27: MEGGA | E27: Gas Supplier | F27: Gas Supplier | G27: YES | H27: In addition SWALEC has plans to establish a new Smart Energy Centre in Wales which would serve as an operational and training centre for its Home Services team, its Contracting arm, and its Metering Service. It will also house the establishment of two new businesses in Wales concentrating on microgeneration and solid wall insulation. | I27: http://www.senedd.assembly.wales/documents/s500000616/Consultation%20response%20EPP%20155%20-%20SWALEC%20SSE.pdf | J27: https://uk.trustpilot.com/review/www.sse.com | K27: NO | L27: NO | M27: NO | N27: NO | O27: YES | P27: YES | Q27: YES | R27: YES | S27: NO | T27: NO | U27: YES | V27: YES | W27: NO | X27: YES
A28: 21 | B28: https://www.aldi.co.uk/ | C28: 162579 | D28: MEGGA | E28: Retail | F28: Retail | G28: YES | H28: Since 2015 we’ve had smart sub-meters, lighting and HVAC controls installed in all of our stores. Real-time monitoring helps us pinpoint areas for improvement, and having our stores’ lights off and HVACs turned down on holidays reduces our energy consumption | I28: https://corporate.aldi.us/en/corporate-responsibility/environment/energy-and-climate/ | J28: https://uk.trustpilot.com/review/www.aldi.co.uk | K28: NO | L28: YES | M28: YES | N28: YES | O28: YES | P28: YES | Q28: YES | R28: NO | S28: YES | T28: NO | U28: NO | V28: NO | W28: YES | X28: YES
A29: 22 | B29: https://www.adobe.com/uk/ | C29: 17000 | D29: MEGGA | E29: Software | F29: software | G29: YES | H29: Our move to cloud-based products and electronic document services has reduced post-consumer waste as well as carbon emissions from product transport. | I29: https://www.adobe.com/uk/corporate-responsibility/sustainability.html | J29: https://uk.trustpilot.com/review/www.adobe.com | K29: NO | L29: NO | M29: NO | N29: YES | O29: YES | P29: YES | Q29: YES | R29: NO | S29: YES | T29: NO | U29: NO | V29: NO | W29: NO | X29: YES
A30: 23 | B30: https://www.marksandspencer.com/ | C30: 84939 | D30: MEGGA | E30: Retail | F30: Retail | G30: YES | H30: Over the decades we’ve never stood still. We’ve progressed from philanthropy to community investment and onto corporate social responsibility (CSR). We launched Plan A in 2007 to move away from CSR, towards a more holistic approach that addresses all the sustainability issues affecting our business and supply chains. It is a business plan, designed to equip us for a future in which our success in staying relevant for customers will depend on our ability to deliver exceptional products and services in a world that is increasingly resource constrained and experiencing social change. | I30: https://corporate.marksandspencer.com/plan-a/delivering-plan-a | J30: https://uk.trustpilot.com/review/www.marksandspencer.com | K30: YES | L30: YES | M30: YES | N30: NO | O30: YES | P30: YES | Q30: YES | R30: YES | S30: YES | T30: NO | U30: YES | V30: YES | W30: YES | X30: YES
A31: 24 | B31: https://www.spar.co.uk/ | C31: 350000 | D31: MEGGA | E31: Retail | F31: Retail | G31: YES | H31: n an economic sense, SPAR strives to operate a sustainable business by continuing to prosper in an increasingly pressured and volatile environment – and in doing so actively growing our capital. Reducing our own direct environmental footprint not only benefits the environment but also makes good business sense. | I31: https://www.spar.co.za/About-SPAR/Sustainability | J31: https://uk.trustpilot.com/review/spar.co.uk | K31: YES | L31: NO | M31: NO | N31: NO | O31: NO | P31: YES | Q31: NO | R31: NO | S31: YES | T31: NO | U31: NO | V31: NO | W31: YES | X31: YES
A32: 25 | B32: https://www.newlook.com/uk | C32: 17943 | D32: MEGGA | E32: Retail | F32: Retail | G32: YES | H32: We’ve developed our forest and fabric policy with NGO Canopy to demonstrate New Look’s support for our remaining ancient and endangered forests | I32: https://www.newlookgroup.com/sustainability/environment | J32: https://uk.trustpilot.com/review/www.newlook.com | K32: YES | L32: YES | M32: NO | N32: NO | O32: NO | P32: NO | Q32: NO | R32: NO | S32: YES | T32: NO | U32: NO | V32: YES | W32: YES | X32: YES
A33: 26 | B33: https://www.debenhams.com/ | C33: 27893 | D33: MEGGA | E33: Retail | F33: Retail | G33: YES | H33: As a retailer, we consume valuable resources and produce waste. It is our responsibility to ensure our consumption and disposal is proportionate and efficient – not only to reduce our environmental footprint, but to lower costs and thereby improve our ability to endure economically. | I33: http://sustainability.debenhamsplc.com/environment/ | J33: https://uk.trustpilot.com/review/www.debenhams.com | K33: YES | L33: YES | M33: YES | N33: NO | O33: NO | P33: NO | Q33: NO | R33: YES | S33: YES | T33: NO | U33: YES | V33: YES | W33: YES | X33: YES
A34: 27 | B34: https://www.sky.com/ | C34: 31000 | D34: MEGGA | E34: Entertainment | F34: Entertainment | G34: YES | H34: The Sky Bigger Picture report shows a 30% fall in emissions per employee from a 2008/09 baseline. Other successes in the past year include achieving zero-waste-to-landfill and recycling all food waste from Sky sites. | I34: https://www.edie.net/news/6/Sky-hits-key-sustainability-goals-three-years-early/ | J34: https://uk.trustpilot.com/review/www.sky.com | K34: YES | L34: YES | M34: YES | N34: YES | O34: YES | P34: YES | Q34: YES | R34: YES | S34: YES | T34: NO | U34: YES | V34: NO | W34: NO | X34: YES
A35: 28 | B35: http://www.vodafone.co.uk/ | C35: 111556 | D35: MEGGA | E35: Network Provider | F35: Network Provider | G35: YES | H35: n South Africa, Vodacom’s Mum & Baby platform provides free health information to parents and caregivers on the different stages of pregnancy, and is designed for those on low incomes | I35: https://www.vodafone.com/content/index/about/sustainability/index.html | J35: https://uk.trustpilot.com/review/www.vodafone.co.uk | K35: NO | L35: YES | M35: YES | N35: YES | O35: YES | P35: YES | Q35: YES | R35: NO | S35: NO | T35: NO | U35: NO | V35: YES | W35: NO | X35: YES
A36: 29 | B36: https://www.starbucks.co.uk/ | C36: 238000 | D36: MEGGA | E36: Retail | F36: Retail | G36: YES | H36: We’re working to shrink our environmental footprint and meet the expectations of our customers by increasing recycling, promoting reusable cups and reducing the waste associated with our cups and other packaging. | I36: https://www.starbucks.com/responsibility/environment | J36: https://uk.trustpilot.com/review/starbucks.uk | K36: YES | L36: YES | M36: YES | N36: NO | O36: NO | P36: YES | Q36: NO | R36: YES | S36: NO | T36: NO | U36: NO | V36: NO | W36: NO | X36: YES
A37: 30 | B37: https://home.barclays/ | C37: 79900 | D37: MEGGA | E37: Banking | F37: Banking | G37: YES | H37: Fortune also noted Barclays’ active role in creating job opportunities around the world through its global Unreasonable Impact programme, which aims to scale up entrepreneurial businesses to solve the world’s most pressing issues while creating thousands of jobs. | I37: https://home.barclays/news/2018/09/barclays-in-the-news-changing-the-world/ | J37: https://uk.trustpilot.com/review/www.barclays.co.uk | K37: YES | L37: YES | M37: NO | N37: YES | O37: YES | P37: YES | Q37: YES | R37: YES | S37: NO | T37: YES | U37: NO | V37: NO | W37: NO | X37: YES
A38: 31 | B38: https://www.thebodyshop.com | C38: 17000 | D38: MEGGA | E38: Cosmetics | F38: Cosmetics | G38: YES | H38: From 2016 onwards, we will produce an annual newly named Commitment Report charting progress on our Enrich Not ExploitTM targets and provide details on every step we are taking to achieve them. We will publish updates on our progress every year, both good and not so good, and talk about some of the challenges we face on the journey, towards our aim. | I38: https://www.thebodyshop.com/en-gb/commitment | J38: https://uk.trustpilot.com/review/www.thebodyshop.co.uk | K38: YES | L38: YES | M38: YES | N38: NO | O38: NO | P38: YES | Q38: NO | R38: NO | S38: NO | T38: NO | U38: NO | V38: NO | W38: NO | X38: NO
... A41: 34 | B41: https://www.toyota-global.com/ | C41: 369124 | D41: MEGGA | E41: Car Supplier | F41: Car Supplier | G41: YES | H41: Not only do they offer zero emissions, as they only emit water, but FCVs are highly energy efficient, and the hydrogen used in them can be manufactured from natural energies such as solar and wind. | I41: https://www.toyota-europe.com/world-of-toyota/environmental-technology/fuel-cell-technology | J41: https://www.carbuyer.co.uk/reviews/toyota | K41: YES | L41: NO | M41: NO | N41: YES | O41: YES | P41: NO | Q41: YES | R41: NO | S41: YES | T41: NO | U41: YES | V41: NO | W41: NO | X41: YES
A42: 35 | B42: /www.nokia.com | C42: 102761 | D42: MEGGA | E42: Mobile Supplier | F42: Mobile Supplier | G42: YES | H42: terms of our products, the long-term Science Based Target for 2030 (baseline 2014) is to reduce by 75% our Scope 3 greenhouse gas emissions caused by the emissions from customer use of our sold products. | I42: https://www.nokia.com/about-us/sustainability/protecting-the-environment/environmental-and-energy-efficiency-of-our-product-portfolio/ | K42: NO | L42: NO | M42: NO | N42: NO | O42: YES | P42: YES | Q42: NO | R42: YES | S42: NO | T42: NO | U42: NO | V42: NO | W42: YES | X42: YES
A43: 36 | B43: https://www.tsb.co.uk/personal/ | C43: 8500 | D43: MEGGA | E43: Banking | F43: Banking | G43: NO | K43: NO | L43: NO | M43: NO | N43: YES | O43: YES | P43: YES | Q43: YES | R43: NO | S43: NO | T43: NO | U43: NO | V43: NO | W43: NO | X43: YES
A44: 37 | B44: www.vistaprint.com | E44: Printing Service | F44: Printing Service | G44: YES | H44: Our paper comes from responsibly managed forests, and our proprietary technology minimizes waste while maximizing recycled paper.` | I44: https://sustainability.vistaprint.com/ | J44: https://uk.trustpilot.com/review/www.vistaprint.co.uk | K44: YES | L44: YES | M44: YES | N44: YES | O44: YES | P44: NO | Q44: NO | R44: NO | S44: NO | T44: NO | U44: NO | V44: NO | W44: NO | X44: NO
A45: 38 | B45: https://uk.pandora.net/en | C45: 22300 | D45: MEGGA | E45: Retail | F45: Retail | G45: YES | H45: Ensuring supplier compliance with the environmental section of PANDORA’s Supplier’s Code of Conduct | I45: https://pandoragroup.com/-/media/Files/Corporate/PDF/Ethics/Environment-Policy.ashx?la=en&hash=963189891B78D1B9234F58146416B3C678522458 | J45: https://uk.trustpilot.com/review/www.pandora.net | K45: YES | L45: NO | M45: NO | N45: NO | O45: NO | P45: NO | Q45: NO | R45: YES | S45: NO | T45: NO | U45: NO | V45: YES | W45: NO | X45: YES
A46: 39 | B46: www.acer.com | C46: 7967 | D46: MEGGA | E46: Retail | F46: Retail | G46: YES | H46: Based on the life cycle concept, we offer high-quality products that are energy and resource efficient, low in pollutants and hazardous substances, and easy to recycle. | I46: https://www.acer-group.com/ag/en/TW/content/our-products-environment | J46: https://www.which.co.uk/reviews/laptops/acer/brand | K46: YES | L46: YES | M46: NO | N46: NO | O46: YES | P46: NO | Q46: NO | R46: NO | S46: NO | T46: NO | U46: YES | V46: YES | W46: YES | X46: YES
A47: 40 | B47: http://adidas-group.com | C47: 57000 | D47: MEGGA | E47: Manufacturing | F47: sports | G47: YES | H47: We are continuously working towards becoming a more sustainable company. While we have been in this game for a long time, we will never stop learning and improving our sustainability efforts. For us, it is about being prepared, setting the right pace and having both the drive and stamina to go the distance. It is about being persistent, overcoming setbacks and difficulties and never giving up on the overall goal. We have a long track record in sustainability and are proud of our accomplishments, but we will never rest on our laurels. We constantly strive to improve our sustainable performance while acting upon our leadership role and listening to the expectations of our stakeholders and consumers. One example is our extended Sustainability Roadmap, which pushes the limits of our own ambitions further than ever before. A direct outcome of our business strategy ‘Creating the New’, it translates our overall sustainable efforts into tangible goals that have a direct impact on the world of sport we operate in. | I47: https://www.adidas-group.com/en/sustainability/managing-sustainability/general-approach/ | W47: YES | X47: YES
A48: 41 | B48: http://greggs.co.uk | C48: 20000 | D48: MEGGA | E48: Food Retail | F48: bakery | G48: YES | H48: A number of our regional bakeries have photovoltaic panels on their roofs, which in 2016 generated 923,576 kWh of electricity. We install energy-efficient LED bulbs in all new and refitted shops and our new self-service drinks fridges have doors to stop the cool air being lost. | I48: https://corporate.greggs.co.uk/social-responsibility/environment
A49: 42 | B49: http://nescafe.co.uk | C49: 323000 | D49: MEGGA | E49: Food manufacture | F49: Food/Drinks | G49: YES | H49: To turn this goal into reality we’ve teamed up with the Rainforest Alliance, the Sustainable Agriculture Network (SAN), and the Common Code for the Coffee Community (4C) to ensure we are following internationally-recognised sustainability standards. Across the board, NESCAFÉ is raising the standard of sustainable production at every stage of the coffee journey, from the coffee farm to the jar. | I49: https://www.nescafe.co.uk/nescafe-plan/ | K49: NO | L49: NO | M49: YES | N49: YES | O49: YES | P49: YES | Q49: YES | R49: NO | S49: NO | T49: NO | U49: NO | V49: NO | W49: YES | X49: YES
A50: 43 | B50: http://unilever.com | C50: 172000 | D50: MEGGA | E50: Manufacturing | F50: Cleaning | G50: YES | H50: We want to help create a world where everyone can live well within the natural limits of the planet. We’re putting sustainable living at the heart of everything we do including through our brands and products, our standards of behaviour within and beyond Unilever, and our partnerships which are driving transformational change across our value chain. | I50: https://www.unilever.com/sustainable-living/our-strategy/about-our-strategy/ | K50: NO | L50: NO | M50: NO | N50: NO | O50: NO | P50: YES | Q50: NO | R50: NO | S50: NO | T50: NO | U50: NO | V50: NO | W50: YES | X50: YES
A51: 44 | B51: http//jnj.com | C51: 134000 | D51: MEGGA | E51: Manufacturing | F51: Health | G51: YES | H51: A commitment to social causes and sustainability at Johnson & Johnson aren't limited to social, environmental and economic activities. They embody what the company is about and how it behaves. Johnson & Johnson wants to get involved in tackling the world's largest health issues, in leading the charge to solve problems, in protecting the environment and in running the company with the utmost sense of responsibility. Johnson & Johnson contributes to sustainable development with an eye on positive implications for everyone involved. | I51: http://www.jnj.ch/en/our-values/sustainability.html | K51: NO | L51: NO | M51: NO | N51: YES | O51: NO | P51: NO | Q51: YES | R51: NO | S51: NO | T51: NO | U51: NO | V51: NO | W51: YES | X51: YES
A52: 45 | B52: http://mars.com | C52: 80000 | D52: MEGGA | E52: Manufacturing | F52: Confectionery/Food | G52: YES | H52: Whether in our own operations or deep within our supply chain, sustainability remains firmly front of mind as we continue to create growth we are proud of. One of the ways we are achieving this is through sustainable sourcing. This means that we are making sure we get the best ingredients from the best suppliers—suppliers who take care of the land they farm, and who respect the rights of everyone involved. From helping to lift farmers out of poverty to respecting natural resources, we are trying to make a difference. | I52: https://www.mars.com/uk/en/sustainability | K52: NO | L52: NO | M52: NO | N52: NO | O52: NO | P52: NO | Q52: NO | R52: NO | S52: NO | T52: NO | U52: NO | V52: NO | W52: YES | X52: YES | Y52: strives to provide you with the highest quality products and services. Encourages Your feedback
A53: 46 | B53: http://nestle.com | C53: 323000 | D53: MEGGA | E53: Food/beverage | F53: Food/Drinks | G53: YES | H53: We strive to reduce the environmental impact of our packaging while ensuring our packaging protects our products effectively. Nestlé has been systematically reducing the weight of our packaging since 1991, with a reduction of over 500 million kg to date. | I53: https://www.nestle.com/randd/environmental-sustainability | K53: YES | L53: NO | M53: YES | N53: NO | O53: NO | P53: NO | Q53: NO | R53: NO | S53: NO | T53: NO | U53: NO | V53: NO | W53: YES | X53: YES
A54: 47 | B54: http//coca-colacompany.com | C54: 61800 | D54: MEGGA | E54: Beverage | F54: Beverage | G54: YES | H54: Since 2007 we’ve decreased the weight of our packaging by 27%. Lowering the amount of material our packaging uses naturally lowers the quantity of natural resources and energy we need to manufacture it. We’ve seen encouraging results since 2007, but we’re not done yet. Our plan is to reduce the amount of material in our packaging by 25% by 2020, from where we started in 2007. | I54: https://www.coca-cola.co.uk/stories/the-complete-package | K54: NO | L54: NO | M54: NO | N54: NO | O54: NO | P54: NO | Q54: NO | R54: NO | S54: NO | T54: NO | U54: NO | V54: NO | W54: YES | X54: YES
A55: 48 | B55: http://pepsico.com | C55: 263000 | D55: MEGGA | E55: Beverage | F55: Beverage | G55: YES | H55: At the heart of PepsiCo is Performance with Purpose — our vision to deliver top-tier financial performance over the long term by integrating sustainability into our business strategy. Together with our business partners and leading organizations committed to positive change, we are determined to make our vision a reality. | I55: http://www.pepsico.com/sustainability
A56: 49 | B56: http://volkswagen.com | C56: 642292 | D56: MEGGA | E56: Manufacturing | F56: Automotive | G56: YES | H56: With our sustainability concept we want to ensure that opportunities and risks associated with our environmental, social and governance activities are identified as early as possible at every stage of the value creation process. In keeping with this aim, we are determined that our corporate social responsibility (CSR) activities will have a lasting, positive impact on the Company’s value and reputation. | I56: https://www.volkswagenag.com/en/sustainability.html# | K56: NO | L56: NO | M56: NO | N56: NO | O56: NO | P56: NO | Q56: NO | R56: NO | S56: NO | T56: NO | U56: NO | V56: NO | W56: YES | X56: YES
A57: 50 | B57: http://vauxhall.co.uk | C57: 4029 | D57: MEGGA | E57: Automotive | F57: Automotive | G57: YES | H57: The EU End-of-Life Vehicle (ELV) directive states that 95% of every new vehicle must be recyclable and/or recoverable. At Vauxhall, we’ve been working with recyclable materials − known as ‘secondary raw materials or recyclates’ − since 1990. Now, more than 200 recyclates are used across our model portfolio, enabling us to use many tons of secondary raw materials in new vehicles every year. | I57: https://www.vauxhall.co.uk/environment/design-and-recycling/design-for-environment.html | K57: NO | L57: NO | M57: NO | N57: NO | O57: NO | P57: NO | Q57: NO | R57: NO | S57: NO | T57: NO | U57: NO | V57: NO | W57: YES | X57: YES
A58: 51 | B58: http://jaguarlanderover.com | C58: 43224 | D58: MEGGA | E58: Automotive | F58: Automotive | G58: YES | H58: Sustainability is one of the core principles driving our business. Jaguar constantly pushes the boundaries of innovation to improve sustainability throughout the complete life cycle of our vehicles, from design and manufacture to performance and eventual disposal. | I58: https://www.jaguar.com/fleet-and-business/why-jaguar/sustainable-future.html | K58: NO | L58: NO | M58: NO | N58: NO | O58: NO | P58: NO | Q58: NO | R58: NO | S58: NO | T58: NO | U58: NO | V58: NO | W58: YES | X58: NO
A59: 52 | B59: http://bp.com | C59: 74000 | D59: MEGGA | E59: Fuel/Energy | F59: Energy | G59: YES | H59: We work hard to avoid, mitigate and manage our environmental and social impacts over the life of our operations. How our businesses around the world understand and manage their environmental and social impacts is set out in our operating management system | I59: https://www.bp.com/en/global/corporate/sustainability/managing-our-impacts.html | K59: NO | L59: NO | M59: NO | N59: NO | O59: NO | P59: NO | Q59: NO | R59: NO | S59: NO | T59: NO | U59: NO | V59: NO | W59: NO | X59: NO
A60: 53 | B60: http://selfridges.com | C60: 3000 | D60: MEGGA | E60: Retail | F60: Department store | G60: YES | H60: Selfridges is showing that a luxury retail shopping experience does not have to cost the Earth, becoming the first department store to achieve the Carbon Trust Standard for carbon, water and waste. Selfridges has a clear commitment to act as a responsible and sustainable business. | I60: http://www.selfridges.com/GB/en/features/info/sustainability/the-way-we-work | K60: NO | L60: NO | M60: NO | N60: NO | O60: NO | P60: NO | Q60: NO | R60: NO | S60: NO | T60: NO | U60: YES | V60: NO | W60: YES | X60: YES
A61: 54 | B61: http://harveynichols.com | C61: 1955 | D61: MEGGA | E61: Retail | F61: Department store | G61: YES | H61: Harvey Nichols is committed to sustainable and responsible practice across all areas of its business, and ethical sourcing is an important part of this programme. This Code of Conduct sets out the minimum requirements that our Suppliers, Agencies and Concessions (“Associates”) must adhere to in order to trade with Harvey Nichols. | I61: https://www.harveynichols.com/about/corporate-responsibility/code-of-conduct/ | K61: NO | L61: NO | M61: NO | N61: NO | O61: NO | P61: NO | Q61: NO | R61: NO | S61: NO | T61: NO | U61: YES | V61: NO | W61: YES | X61: YES
A62: 55 | B62: http://halfordscompany.com | C62: 10000 | D62: MEGGA | E62: Automotive | F62: Automotive parts | G62: YES | H62: The Chief Executive Officer is responsible for the alignment of our wider sustainability initiatives with our Group strategy. Executive Management monitor the achievement of related KPIs. We endeavour to monitor our exposure and response to sustainability issues, to preserve not only our business, but also the environment and the local communities in which we operate. | I62: http://halfords.annualreport2014.com/strategic-report/strategy/sustainability | K62: NO | L62: NO | M62: NO | N62: NO | O62: NO | P62: NO | Q62: NO | R62: NO | S62: NO | T62: NO | U62: YES | V62: NO | W62: YES
A63: 56 | B63: http://whsmithplc.co.uk | C63: 13773 | D63: MEGGA | E63: Retail | F63: Books/Stationary | G63: YES | H63: We are committed to managing the environmental impacts of our operations and the products that we sell. Environmental management also makes good business sense: using resources efficiently and minimising energy and fuel use to reduce greenhouse gas (GHG) emissions helps to reduce cost. We regularly review progress against our objectives and targets, aiming for continual improvement year on year. | I63: http://www.whsmithplc.co.uk/corporate_responsibility/environment | K63: NO | L63: NO | M63: NO | N63: NO | O63: NO | P63: NO | Q63: NO | R63: NO | S63: NO | T63: NO | U63: NO | V63: NO | W63: YES
A64: 57 | B64: http://waterstones.com | C64: 3500 | D64: MEGGA | E64: Retail | F64: Books/Stationary | G64: NO | K64: NO | L64: NO | M64: NO | N64: NO | O64: NO | P64: NO | Q64: NO | R64: NO | S64: NO | T64: NO | U64: NO | V64: NO | W64: NO
A65: 58 | B65: http://raccorporate.co.uk | C65: 3700 | D65: MEGGA | E65: Automotive | F65: Automotive | G65: YES | H65: Instead of just worrying about the future, we’re working to make it better. Whether it's electric vehicles or other sustainable travel options, greener buildings or lobbying government for change, we’re committed to finding solutions for a more sustainable future. | I65: https://rac.com.au/about-rac/advocating-change/sustainability | K65: NO | L65: NO | M65: NO | N65: NO | O65: NO | P65: NO | Q65: NO | R65: NO | S65: NO | T65: NO | U65: NO | V65: NO | W65: YES
A66: 59 | B66: http://parcelforce.com | C66: 4500 | D66: MEGGA | E66: Postal | F66: Courier service | G66: YES | H66: At Parcelforce Worldwide we take our environmental and community responsibilities very seriously. We have a comprehensive programme of activities to reduce our impact on the environment and invest in third-party environmental initiatives. All our operational and headquarter sites have achieved the ISO14001 standard. | I66: https://www.parcelforce.com/about-parcelforce-worldwide/our-environmental-programme | K66: NO | L66: NO | M66: NO | N66: NO | O66: NO | P66: NO | Q66: NO | R66: NO | S66: NO | T66: NO | U66: NO | V66: NO | W66: YES | X66: NO
A67: 60 | B67: http://lushusa.com | C67: 11000 | D67: MEGGA | E67: Cosmetics/Retail | F67: Cosmetics | G67: YES | H67: Since Lush began, our founders and staff have been aware of how the products we manufacture and sell interact with the environment. We have always used creative solutions to make a positive impact on the planet, like the invention of the first-ever solid shampoo bar. | I67: https://uk.lush.com/article/our-environmental-policy | K67: NO | L67: NO | M67: YES | N67: YES | O67: YES | P67: YES | Q67: YES | R67: NO | S67: NO | T67: NO | U67: YES | V67: NO | W67: NO | X67: NO
A68: 61 | B68: http://colgatepalmolive.com | C68: 37700 | D68: MEGGA | E68: Health/Retail | F68: Health | G68: YES | H68: As a company that strives to be the best truly global consumer products company, we are committed to doing business with integrity and respect for all people and for the world around us. Our long-term sustainability strategy is focused on three areas: People, Performance, and Planet. | I68: https://www.colgatepalmolive.com/en-us/core-values/sustainability | K68: NO | L68: NO | M68: NO | N68: NO | O68: NO | P68: NO | Q68: NO | R68: NO | T68: NO | U68: NO | V68: NO | W68: YES | X68: NO
A69: 62 | B69: http://duluxtradepaintexpert.co.uk | C69: 664 | D69: Large | E69: Paint | F69: Paint | G69: YES | H69: To be a truly sustainable business we need to offer products which are not only good for the planet but also provide a sustainability benefit for our customers. That is why we have set ourselves a target to ensure that we are doing this. Eco-Premium Solutions are products which offer a significant sustainability benefit for our customers, when compared to currently available products on the market. | I69: http://www.duluxtradepaintexpert.co.uk/products/planet-possible | K69: NO | L69: NO | M69: NO | N69: NO | O69: NO | P69: NO | Q69: NO | R69: NO | S69: NO | T69: NO | U69: NO | V69: NO | W69: YES | X69: YES
A70: 63
A71: 64
A72: 65
A73: 66
A74: 67
A75: 68
A76: 69
A77: 70
T83: =S8 -> 0

Sheet Incentives
A1: Incentives which Enterprises use to encourage prosumers to share knowledge
A3: Empty cells should be filled in by the URL addresses (i.e. https://www.shoesofprey.com/) of the web pages on which it was possible to observe prosumers activities connected with their ideas or kwledge. Subsequently these URLs will be use to verify the realibilty of gathered data. Grey cells (B and C columns) are fulling in automatically.
A5: . | B5: Company name | C5: Short description of observed prosumers activity | D5: What incentives interest you - Material rewards (e.g free gifts, souvenirs) | E5: Monetary compensation | F5: Testing of prototypes | G5: Free samples of products | H5: Bonus points with financial value | I5: Personal benefits (e.g. enhancing the expertise, status or recognition; being a part of the community; pride of excellence; need to learn more) | J5: Other - what other incentives interest you?
A6: 1 | B6: ='Business Processes'!B8 -> https://www.pukkaherbs.com/ | C6: ='Business Processes'!J8 -> https://www.pukkaherbs.com/your-wellbeing/stories/people/partners/bizgive/ https://www.pukkaherbs.com/media/76569880/pukka-sustainability-highlights-2016.pdf https://www.pukkaherbs.com/our-mission/inspiring-change/ | D6: YES | I6: YES | J6: Competitions
A7: 2 | B7: ='Business Processes'!B9 -> www.Dell.com | C7: ='Business Processes'!J9 -> http://www.ideastorm.com/ | J7: Dell Community Rockstar
A8: 3 | B8: ='Business Processes'!B10 -> https://twitter.com/ | C8: ='Business Processes'!J10 -> https://books.google.co.uk/books?isbn=1473987490
A9: 4 | B9: ='Business Processes'!B11 -> https://www.amazon.co.uk/ | C9: ='Business Processes'!J11 -> https://www.amazon.co.uk/
A10: 5 | B10: ='Business Processes'!B12 -> https://www.facebook.com/ | C10: ='Business Processes'!J12 -> https://www.facebook.com/
A11: 6 | B11: ='Business Processes'!B13 -> https://www.uber.com/ | C11: ='Business Processes'!J13 -> https://www.uber.com/
A12: 7 | B12: ='Business Processes'!B14 -> https://www.youtube.com/ | C12: ='Business Processes'!J14 -> https://www.youtube.com/
A13: 8 | B13: https://www.o2.co.uk/ | C13: ='Business Processes'!J15 -> http://static.o2.co.uk/www/docs/thinkbig/think-big-blueprint-1-progress-report-2012-to-2015.pdf | D13: YES | E13: YES | I13: YES | J13: competitions
A14: 9 | B14: https://www.apple.com/uk/ | C14: ='Business Processes'!J16 -> https://support.apple.com/en-gb | E14: YES | I14: YES | J14: competitors and techlogy change
A15: 10 | B15: http://ee.co.uk/ | C15: ='Business Processes'!J17 -> http://ee.co.uk/our-company/corporate-responsibility/building-trust/our-customers | D15: YES | E15: YES | I15: YES | J15: competitions
A16: 11 | B16: https://www.tesco.com/ | C16: https://www.tesco.com/groceries/en-GB/promotions | D16: YES | E16: YES | F16: NO | G16: YES | H16: YES | I16: YES
A17: 12 | B17: https://www.samsung.com/uk/ | C17: https://www.samsung.com/uk/offer/ | D17: YES | E17: YES | F17: YES | G17: NO | H17: NO | I17: YES
A18: 13 | B18: https://www.marksandspencer.com/ | C18: https://www.marksandspencer.com/webapp/wcs/stores/servlet/MSSparksLandingPage?langId=-24&storeId=10151&catalogId=10051 | D18: YES | E18: YES | F18: NO | G18: YES | H18: YES | I18: YES
A19: 14 | B19: https://www.boots.com/ | C19: https://www.boots.com/ | D19: YES | E19: YES | F19: NO | G19: NO | H19: YES | I19: NO
A20: 15 | B20: https://www.ikea.com/gb/en/ | C20: https://www.ikea.com/gb/en/ikea-family/ | D20: YES | E20: YES | F20: NO | G20: NO | H20: NO | I20: YES | J20: Membership
A21: 16 | B21: https://www.britishgas.co.uk/ | C21: https://www.britishgas.co.uk/my-account.html | D21: YES | E21: NO | F21: NO | G21: NO | H21: NO | I21: YES
A22: 17 | B22: https://www.ford.co.uk/ | C22: https://www.ford.co.uk/owner/my-vehicle/fordpass-account#!/join | D22: NO | E22: NO | F22: NO | G22: NO | H22: NO | I22: YES
A23: 18 | B23: https://www.ebay.co.uk/ | C23: https://uk.trustpilot.com/review/ebay.co.uk | D23: YES | E23: NO | F23: NO | G23: NO | H23: YES | I23: YES
A24: 19 | B24: https://www.qvcuk.com/ | C24: https://www.qvcuk.com/content/Competitions.html?viewType=gallery&pageSize=24 | D24: YES | E24: YES | F24: NO | G24: NO | H24: YES | I24: YES
A25: 20 | B25: https://preview.sse.co.uk/home | C25: https://my.sse.co.uk/your-account/login | D25: NO | E25: NO | F25: NO | G25: NO | H25: NO | I25: YES
A26: 21 | B26: https://www.aldi.co.uk/login | C26: https://www.aldi.co.uk/login | D26: YES | E26: YES | F26: NO | G26: NO | H26: YES | I26: YES
A27: 22 | B27: https://www.adobe.com/uk/ | C27: https://adobeid-na1.services.adobe.com/renga-idprovider/pages/login?callback=https%3A%2F%2Fims-na1.adobelogin.com%2Fims%2Fadobeid%2Fadobedotcom2%2FAdobeID%2Ftoken%3Fredirect_uri%3Dhttps%253A%252F%252Fwww.adobe.com%252Fuk%252F%2523from_ims%253Dtrue%2526old_hash%253D%2526api%253Dauthorize&client_id=adobedotcom2&scope=creative_cloud%2CAdobeID%2Copenid%2Cgnav%2Cread_organizations%2Cadditional_info.projectedProductContext%2Csao.ACOM_CLOUD_STORAGE%2Csao.stock%2Csao.cce_private%2Cadditional_info.roles&denied_callback=https%3A%2F%2Fims-na1.adobelogin.com%2Fims%2Fdenied%2Fadobedotcom2%3Fredirect_uri%3Dhttps%253A%252F%252Fwww.adobe.com%252Fuk%252F%2523from_ims%253Dtrue%2526old_hash%253D%2526api%253Dauthorize%26response_type%3Dtoken&display=web_v2&relay=5ddbed9e-7239-4a79-85f0-63b66ef10c0e&locale=en_GB&flow_type=token&idp_flow_type=login | D27: YES | E27: NO | F27: YES | G27: NO | H27: NO | I27: YES
A28: 23 | B28: https://www.marksandspencer.com/ | C28: https://www.marksandspencer.com/webapp/wcs/stores/servlet/MSResLogin?catalogId=10051&myAcctMain=1&langId=-24&storeId=10151&sourceurl=https%3A%2F%2Fwww.marksandspencer.com%2F | D28: YES | E28: NO | F28: NO | G28: YES | H28: YES | I28: YES
A29: 24 | B29: https://www.spar.co.uk/ | D29: NO | E29: NO | F29: NO | G29: NO | H29: NO | I29: NO
A30: 25 | B30: www.newlook.com | C30: https://www.newlook.com/uk/login | D30: YES | E30: NO | F30: NO | G30: NO | H30: YES | I30: YES
A31: 26 | B31: https://www.debenhams.com/ | C31: https://www.debenhams.com/webapp/wcs/stores/servlet/BeautyClubDashboard?langId=-1&storeId=10701&catalogId=10001&headerLink=true&showLoginOnly=true | D31: YES | E31: YES | F31: YES | G31: YES | H31: YES | I31: YES
A32: 27 | B32: https://www.sky.com/ | C32: https://skyid.sky.com/signin?successUrl=https%3A%2F%2Fwww.sky.com%2F&cancelUrl=https%3A%2F%2Fwww.sky.com%2F | D32: YES | E32: YES | F32: NO | G32: NO | H32: NO | I32: YES
A33: 28 | B33: http://www.vodafone.co.uk/ | C33: https://www.vodafone.co.uk/myvodafone | D33: YES | E33: NO | F33: NO | G33: NO | H33: NO | I33: YES
A34: 29 | B34: https://www.starbucks.co.uk/ | C34: https://www.starbucks.co.uk/account/signin | D34: YES | E34: NO | F34: NO | G34: NO | H34: YES | I34: YES
A35: 30 | B35: https://home.barclays/ | C35: https://bank.barclays.co.uk/olb/authlogin/loginAppContainer.do#/identification | D35: NO | E35: YES | F35: NO | G35: NO | H35: NO | I35: YES | J35: Online Banking
A36: 31 | B36: https://www.thebodyshop.com/en-gb/ | C36: https://www.thebodyshop.com/en-gb/sale/beauty-discounts-offers/c/c00268 | D36: YES | E36: YES | F36: YES | G36: YES | H36: YES | I36: YES | J36: Membership
A37: 32 | B37: https://www.thomascook.com/ | C37: https://www.epoints.com/points/thomas-cook-uk-reward-points/b772bd02-94c4-4eff-a4d4-ab5f7f3d8d93 | D37: YES | E37: YES | F37: NO | G37: NO | H37: YES | I37: YES | J37: Loyalty Scheme
A38: 33 | B38: www.marriott.com | C38: https://www.marriott.co.uk/loyalty.mi | D38: YES | E38: YES | F38: NO | G38: NO | H38: YES | I38: YES
A39: 34 | B39: https://www.toyota-global.com/ | C39: https://myrewards.toyota.co.uk/ | D39: NO | E39: YES | F39: YES | G39: NO | H39: YES | I39: YES
A40: 35 | B40: /www.nokia.com
A41: 36 | B41: https://www.tsb.co.uk/personal/ | C41: https://www.tsb.co.uk/news-releases/new-10pound-monthly-cashback-offer-for-customers-joining-tsbs-classic-plus-account/ | D41: NO | E41: YES | F41: NO | G41: NO | H41: NO | I41: YES
A42: 37 | B42: www.vistaprint.com | C42: https://www.vistaprint.co.uk/offers.aspx?xnid=TopNav_Deals&xnav=TopNav | D42: YES | E42: NO | F42: NO | G42: NO | H42: NO | I42: YES
A43: 38 | B43: https://uk.pandora.net/en | C43: https://www.pandora.net/en-za/club | D43: YES | E43: NO | F43: NO | G43: NO | H43: YES | I43: YES
A44: 39 | B44: www.acer.com | C44: https://us-store.acer.com/reward-points | D44: NO | E44: YES | F44: NO | G44: NO | H44: YES | I44: YES
A45: 40 | B45: http://adidas-group.com | C45: http://adidas-group.com/
A46: 41 | B46: http://greggs.co.uk | C46: http://greggs.co.uk/ | I46: YES
A47: 42 | B47: http://doce-gusto.co.uk | C47: http://doce-gusto.co.uk/
A48: 43 | B48: http://nescafe.co.uk | C48: http://nescafe.co.uk/ | G48: YES
A49: 44 | B49: http://unilever.com | C49: http://unilever.com/
A50: 45 | B50: http//jnj.com | C50: http//jnj.com/
A51: 46 | B51: http://mars.com | C51: http://mars.com/
A52: 47 | B52: http://nestle.com | C52: http://nestle.com/
A53: 48 | B53: http//coca-colacompany.com | C53: http//coca-colacompany.com/
A54: 49 | B54: http://pepsico.com | C54: http://pepsico.com/
A55: 50 | B55: http://volkswagen.com | C55: http://volkswagen.com/
A56: 51 | B56: http://vauxhall.co.uk | C56: http://vauxhall.co.uk/
A57: 52 | B57: http://jaguarlanderover.com | C57: http://jaguarlanderover.com/
A58: 53 | B58: http://bp.com | C58: http://bp.com/
A59: 54 | B59: http://selfridges.com | C59: http://selfridges.com/
A60: 55 | B60: http://harveynichols.com | C60: http://harveynichols.com/
A61: 56 | B61: http://halfordscompany.com | C61: http://halfordscompany.com/ | I61: YES
A62: 57 | B62: http://whsmithplc.co.uk | C62: http://whsmithplc.co.uk/ | I62: YES
A63: 58 | B63: http://waterstones.com | C63: http://waterstones.com/ | I63: YES
A64: 59 | B64: http://raccorporate.co.uk | C64: http://raccorporate.co.uk/
A65: 60 | B65: http://parcelforce.com | C65: http://parcelforce.com/
A66: 61 | B66: http://lushusa.com | C66: http://lushusa.com/
A67: 62 | B67: http://colgatepalmolive.com | C67: http://colgatepalmolive.com/
A68: 63 | B68: http://duluxtradepaintexpert.co.uk | C68: http://duluxtradepaintexpert.co.uk/
A69: 64
A70: 65
A71: 66
A72: 67
A73: 68
A74: 69
A75: 70

Sheet Knowledge sharing
A1: EXAMPLES OF PROSUMER KWLEDGE SHARING BY COMPANIES
A3: Empty cells should be filled in by the URL addresses (i.e. https://www.shoesofprey.com/) of the web pages on which it was possible to observe prosumers activities connected with their ideas or kwledge. Subsequently these URLs will be use to verify the realibilty of gathered data. Grey cells (B and C columns) are fulling in automatically.
A5: No | B5: Company name | C5: Short description of observed prosumers activity | D5: Do You - Evaluating products by scoring | E5: Evaluating products by placing comments | F5: Evaluating product in practice by testing | G5: Creating and designing products or their parts | H5: Other ways available for you to evaluate the products / services
A6: 1 | B6: ='Business Processes'!B8 -> https://www.pukkaherbs.com/ | C6: ='Business Processes'!J8 -> https://www.pukkaherbs.com/your-wellbeing/stories/people/partners/bizgive/ https://www.pukkaherbs.com/media/76569880/pukka-sustainability-highlights-2016.pdf https://www.pukkaherbs.com/our-mission/inspiring-change/ | E6: YES | F6: YES
A7: 2 | B7: ='Business Processes'!B9 -> www.Dell.com | C7: ='Business Processes'!J9 -> http://www.ideastorm.com/ | E7: YES | F7: YES | G7: YES | H7: Voting
A8: 3 | B8: ='Business Processes'!B10 -> https://twitter.com/ | C8: ='Business Processes'!J10 -> https://books.google.co.uk/books?isbn=1473987490 | F8: YES
A9: 4 | B9: ='Business Processes'!B11 -> https://www.amazon.co.uk/ | C9: ='Business Processes'!J11 -> https://www.amazon.co.uk/ | F9: YES
A10: 5 | B10: ='Business Processes'!B12 -> https://www.facebook.com/ | C10: ='Business Processes'!J12 -> https://www.facebook.com/ | F10: YES
A11: 6 | B11: ='Business Processes'!B13 -> https://www.uber.com/ | C11: ='Business Processes'!J13 -> https://www.uber.com/ | F11: YES
A12: 7 | B12: ='Business Processes'!B14 -> https://www.youtube.com/ | C12: ='Business Processes'!J14 -> https://www.youtube.com/ | F12: YES
A13: 8 | B13: https://www.o2.co.uk/ | C13: ='Business Processes'!J15 -> http://static.o2.co.uk/www/docs/thinkbig/think-big-blueprint-1-progress-report-2012-to-2015.pdf | E13: YES | F13: YES
A14: 9 | B14: https://www.apple.com/uk/ | C14: ='Business Processes'!J16 -> https://support.apple.com/en-gb | E14: YES | F14: YES | G14: YES
A15: 10 | B15: http://ee.co.uk/ | C15: ='Business Processes'!J17 -> http://ee.co.uk/our-company/corporate-responsibility/building-trust/our-customers | E15: YES
A16: 11 | B16: https://www.tesco.com/ | C16: https://www.tescoviews.com/websurvey/2/execute#/1 | D16: YES | E16: YES | F16: NO | G16: NO | H16: Revewing
A17: 12 | B17: https://www.samsung.com/uk/ | C17: https://www.samsung.com/us/smg/content/dam/samsung/us/aboutsamsung/2017/Sustainability_Report_2018_v2.pdf | D17: YES | E17: YES | F17: YES | G17: NO
A18: 13 | B18: https://www.marksandspencer.com/ | C18: https://uk.trustpilot.com/review/www.marksandspencer.com | D18: NO | E18: YES | F18: NO | G18: NO
A19: 14 | B19: http://www.boots-uk.com/ | C19: https://www.reviews.co.uk/company-reviews/store/Boots | D19: NO | E19: NO | F19: NO | G19: NO
A20: 15 | B20: https://www.ikea.com/gb/en/ | C20: https://uk.trustpilot.com/review/www.ikea.com | D20: YES | E20: YES | F20: NO | G20: NO | H20: Reviewing
A21: 16 | B21: https://www.britishgas.co.uk/ | C21: https://uk.trustpilot.com/review/www.britishgas.co.uk | D21: NO | E21: YES | F21: NO | G21: NO
A22: 17 | B22: https://www.ford.co.uk/ | C22: https://www.glassdoor.co.uk/Reviews/Ford-Motor-Company-UK-Reviews-E152869.htm | D22: YES | E22: YES | F22: YES | G22: NO
A23: 18 | B23: https://www.ebay.co.uk/ | C23: https://uk.trustpilot.com/review/ebay.co.uk | D23: YES | E23: YES | F23: NO | G23: NO
A24: 19 | B24: https://www.qvcuk.com/ | C24: https://uk.trustpilot.com/review/www.qvcuk.com | D24: YES | E24: YES | F24: NO | G24: NO
A25: 20 | B25: https://sse.co.uk/home | C25: https://uk.trustpilot.com/review/www.sse.com | D25: YES | E25: YES | F25: NO | G25: NO
A26: 21 | B26: https://www.aldi.co.uk/ | C26: https://uk.trustpilot.com/review/www.aldi.co.uk | D26: YES | E26: YES | F26: NO | G26: NO
A27: 22 | B27: https://www.adobe.com/uk/ | C27: https://uk.trustpilot.com/review/www.adobe.com | D27: YES | E27: YES | F27: YES | G27: YES
A28: 23 | B28: https://www.marksandspencer.com/ | C28: https://uk.trustpilot.com/review/www.marksandspencer.com | D28: YES | E28: YES | F28: NO | G28: NO
A29: 24 | B29: https://www.spar.co.uk/ | C29: https://uk.trustpilot.com/review/spar.co.uk | D29: YES | E29: YES | F29: NO | G29: NO
A30: 25 | B30: www.newlook.com | C30: https://uk.trustpilot.com/review/www.newlook.com | D30: YES | E30: YES | F30: NO | G30: NO
A31: 26 | B31: https://www.debenhams.com/ | C31: https://uk.trustpilot.com/review/www.debenhams.com | D31: YES | E31: YES | F31: NO | G31: NO
A32: 27 | B32: https://www.sky.com/ | C32: https://uk.trustpilot.com/review/www.sky.com | D32: YES | E32: YES | F32: YES | G32: NO
... A44: 39 | B44: www.acer.com | C44: https://uk.trustpilot.com/review/acer-laptops.co.uk | D44: YES | E44: YES | F44: NO | G44: NO
A45: 40 | B45: http://adidas-group.com | C45: http://greggs.co.uk/ | E45: YES | F45: YES | G45: YES
A46: 41 | B46: http://greggs.co.uk | C46: http://doce-gusto.co.uk/ | E46: YES | G46: YES
A47: 42 | B47: http://doce-gusto.co.uk | C47: http://nescafe.co.uk/
A48: 43 | B48: http://nescafe.co.uk | C48: http://unilever.com/ | E48: YES | F48: YES | G48: YES
A49: 44 | B49: http://unilever.com | C49: http//jnj.com/ | F49: YES | G49: YES
A50: 45 | B50: http//jnj.com | C50: http://mars.com/ | E50: YES | F50: YES | G50: YES
A51: 46 | B51: http://mars.com | C51: http://nestle.com/ | F51: YES | G51: YES
A52: 47 | B52: http://nestle.com | C52: http//coca-colacompany.com/ | E52: YES | F52: YES | G52: YES
A53: 48 | B53: http//coca-colacompany.com | C53: http://pepsico.com/ | G53: YES
A54: 49 | B54: http://pepsico.com | C54: http://volkswagen.com/ | F54: YES | G54: YES
A55: 50 | B55: http://volkswagen.com | C55: http://vauxhall.co.uk/ | E55: YES | F55: YES | G55: YES | H55: Consumer feedback
A56: 51 | B56: http://vauxhall.co.uk | C56: http://jaguarlanderover.com/ | E56: YES | F56: YES | G56: YES
A57: 52 | B57: http://jaguarlanderover.com | C57: http://bp.com/ | E57: YES | F57: YES | G57: YES
A58: 53 | B58: http://bp.com | C58: http://selfridges.com/ | F58: YES
A59: 54 | B59: http://selfridges.com | C59: http://harveynichols.com/ | E59: YES
A60: 55 | B60: http://harveynichols.com | C60: http://duluxtradepaintexpert.co.uk/
A61: 56 | B61: http://halfordscompany.com | C61: http://whsmithplc.co.uk/ | E61: YES
A62: 57 | B62: http://whsmithplc.co.uk | C62: http://waterstones.com/
A63: 58 | B63: http://waterstones.com | C63: http://raccorporate.co.uk/
A64: 59 | B64: http://raccorporate.co.uk | C64: http://aaplc.com/ | E64: YES | H64: Survey
A65: 60 | B65: http://parcelforce.com | C65: http://parcelforce.com
A66: 61 | B66: http://lushusa.com | C66: http://colgatepalmolive.com/
A67: 62 | B67: http://colgatepalmolive.com
A68: 63 | B68: http://duluxtradepaintexpert.co.uk | C68: http://duluxtradepaintexpert.co.uk/ | E68: YES | F68: YES | G68: YES
A69: 64
A70: 65
A71: 66
A72: 67
A73: 68
A74: 69
A75: 70

Sheet ICT
A1: Information and communication technologies (ICT) which serve as a tool to ahare knowledge
A3: Empty cells should be filled in by the URL addresses (i.e. https://www.shoesofprey.com/) of the web pages on which it was possible to observe prosumers activities connected with their ideas or kNOwledge. Subsequently these URLs will be use to verify the realibilty of gathered data. Grey cells (B and C columns) are fulling in automatically.
A5: NO. | B5: Company name | C5: Short description of observed prosumers activity | D5: Do you use the ICTs to commuciate with the company -E-mails | E5: Internet forums | F5: Own organizations' websites | G5: Specialized organizations' websites | H5: Popular information websites | I5: Industry specialized portals | J5: Mobile applications | K5: Facebook | L5: Online surveys | M5: Other
A6: 1 | B6: ='Business Processes'!B8 -> https://www.pukkaherbs.com/ | C6: ='Business Processes'!J8 -> https://www.pukkaherbs.com/your-wellbeing/stories/people/partners/bizgive/ https://www.pukkaherbs.com/media/76569880/pukka-sustainability-highlights-2016.pdf https://www.pukkaherbs.com/our-mission/inspiring-change/ | D6: YES | F6: YES | J6: YES | K6: YES | M6: Twitter, Blog, Google
A7: =A6+1 -> 2 | B7: ='Business Processes'!B9 -> www.Dell.com | C7: ='Business Processes'!J9 -> http://www.ideastorm.com/ | D7: YES | E7: YES | F7: YES | G7: YES | J7: YES | K7: YES
A8: =A7+1 -> 3 | B8: ='Business Processes'!B10 -> https://twitter.com/ | C8: ='Business Processes'!J10 -> https://books.google.co.uk/books?isbn=1473987490
A9: =A8+1 -> 4 | B9: ='Business Processes'!B11 -> https://www.amazon.co.uk/ | C9: ='Business Processes'!J11 -> https://www.amazon.co.uk/
A10: =A9+1 -> 5 | B10: ='Business Processes'!B12 -> https://www.facebook.com/ | C10: ='Business Processes'!J12 -> https://www.facebook.com/
A11: =A10+1 -> 6 | B11: ='Business Processes'!B13 -> https://www.uber.com/ | C11: ='Business Processes'!J13 -> https://www.uber.com/
A12: =A11+1 -> 7 | B12: ='Business Processes'!B14 -> https://www.youtube.com/ | C12: ='Business Processes'!J14 -> https://www.youtube.com/
A13: =A12+1 -> 8 | B13: https://www.o2.co.uk/ | C13: http://static.o2.co.uk/www/docs/thinkbig/think-big-blueprint-1-progress-report-2012-to-2015.pdf | D13: YES | E13: YES | F13: YES | G13: YES | H13: YES | J13: YES | K13: YES | L13: YES | M13: Twitter, Google, facebook
A14: =A13+1 -> 9 | B14: https://www.apple.com/uk/ | C14: https://support.apple.com/en-gb | D14: YES | E14: YES | F14: YES | G14: YES | H14: YES | J14: YES | K14: YES | L14: YES | M14: Twitter, Google, facebook
A15: =A14+1 -> 10 | B15: http://ee.co.uk/ | C15: http://ee.co.uk/our-company/corporate-responsibility/building-trust/our-customers | D15: YES | E15: YES | F15: YES | G15: YES | H15: YES | J15: YES | K15: YES | L15: YES | M15: Twitter, Google, facebook
A16: =A15+1 -> 11 | B16: https://www.tesco.com/ | C16: https://www.tesco.com/ | D16: YES | E16: YES | F16: YES | G16: YES | H16: YES | I16: YES | J16: YES | K16: YES | L16: YES | M16: Twitter, Facebook, Youtube
A17: =A16+1 -> 12 | B17: https://www.samsung.com/uk/ | C17: https://www.samsung.com/uk/ | D17: YES | E17: YES | F17: YES | G17: YES | H17: YES | I17: YES | J17: YES | K17: YES | L17: YES | M17: Facobook, Twitter, Instagram
A18: =A17+1 -> 13 | B18: https://www.marksandspencer.com/ | C18: https://www.marksandspencer.com/s/contact-us | D18: YES | F18: YES | G18: YES | H18: YES | I18: YES | J18: NO | K18: YES | L18: YES | M18: Facebook, Pintrest, Twitter
A19: =A18+1 -> 14 | B19: https://www.boots.com/ | C19: https://www.boots.com/contact-us | D19: YES | E19: NO | F19: YES | G19: YES | H19: YES | I19: YES | J19: YES | K19: YES | L19: YES
A20: =A19+1 -> 15 | B20: https://www.ikea.com/gb/en/ | C20: https://www.ikea.com/gb/en/customer-service/ | D20: YES | E20: YES | F20: YES | G20: YES | H20: YES | I20: YES | J20: YES | K20: YES | L20: YES
A21: =A20+1 -> 16 | B21: https://www.britishgas.co.uk/ | C21: https://www.britishgas.co.uk/help-and-support/ | D21: YES | E21: NO | F21: YES | G21: YES | H21: YES | I21: YES | J21: YES | K21: YES | L21: NO
A22: =A21+1 -> 17 | B22: https://www.ford.co.uk/ | C22: https://www.uk.ask-ford.com/?fmccmp=other:nwp:hp:overlay::ask%20ford: | D22: YES | E22: NO | F22: YES | G22: YES | H22: YES | I22: YES | J22: YES | K22: YES | L22: NO
A23: =A22+1 -> 18 | B23: https://www.ebay.co.uk/ | C23: https://www.ebay.co.uk/help/home | D23: YES | E23: YES | F23: YES | G23: YES | H23: YES | I23: YES | J23: YES | K23: YES | L23: NO
A24: =A23+1 -> 19 | B24: https://www.qvcuk.com/ | C24: https://www.qvcuk.com/CustomerCare.content.html?%3fviewType=gallery&pageSize=24&redirh=t | D24: YES | E24: YES | F24: YES | G24: YES | H24: YES | I24: YES | J24: YES | K24: YES | L24: YES
A25: =A24+1 -> 20 | B25: https://sse.co.uk/home | C25: https://preview.sse.co.uk/help/contact-us | D25: YES | E25: YES | F25: YES | G25: YES | H25: YES | I25: YES | J25: YES | K25: YES | L25: NO
A26: =A25+1 -> 21 | B26: https://www.aldi.co.uk/ | C26: https://www.aldi.co.uk/customer-services | D26: YES | E26: YES | F26: YES | G26: YES | H26: YES | I26: YES | J26: YES | K26: YES | L26: YES
A27: =A26+1 -> 22 | B27: https://www.adobe.com/uk/ | C27: https://helpx.adobe.com/uk/support.html?promoid=RGJ8NLP8&mv=other | D27: YES | E27: YES | F27: YES | G27: YES | H27: YES | I27: YES | J27: YES | K27: YES | L27: YES
A28: =A27+1 -> 23 | B28: https://www.marksandspencer.com/ | C28: https://help.marksandspencer.com/support | D28: YES | E28: YES | F28: YES | G28: YES | H28: YES | I28: YES | J28: YES | K28: YES | L28: YES
A29: =A28+1 -> 24 | B29: https://www.spar.co.uk/ | C29: https://www.spar.co.uk/contact-us | D29: YES | E29: YES | F29: YES | G29: NO | H29: YES | I29: NO | J29: NO | K29: YES | L29: NO
A30: =A29+1 -> 25 | B30: newlook.com | C30: https://help-uk.newlook.com/hc/en-gb?comp=Footer%7Cuk%7Czendesk%7Chelpcentrehome&LocationContext=Footer%7CFooterComponent%7CUK%20Zendesk%20Footer&DataTrackerCode=Footer%7Cuk%7Czendesk%7Chelpcentrehome | D30: YES | E30: YES | F30: YES | G30: YES | H30: YES | I30: YES | J30: YES | K30: YES | L30: NO
... A33: =A32+1 -> 28 | B33: http://www.vodafone.co.uk/ | C33: https://support.vodafone.co.uk/ | D33: YES | E33: YES | F33: YES | G33: YES | H33: YES | I33: YES | J33: YES | K33: YES | L33: YES
A34: 29 | B34: https://www.starbucks.co.uk/ | C34: https://customerservice.starbucks.co.uk/ | D34: YES | E34: YES | F34: YES | G34: YES | H34: YES | I34: YES | J34: YES | K34: YES | L34: YES
A35: 30 | B35: https://www.barclays.co.uk/ | C35: https://www.barclays.co.uk/help/contact-us/ | D35: NO | E35: YES | F35: YES | G35: YES | H35: YES | I35: YES | J35: YES | K35: YES | L35: NO | M35: Twitter
A36: 31 | B36: https://www.thebodyshop.com/en-gb/ | C36: https://www.thebodyshop.com/en-gb/help/?contact=true | D36: YES | E36: YES | F36: YES | G36: YES | H36: YES | I36: YES | J36: NO | K36: YES | L36: NO
A37: =A36+1 -> 32 | B37: https://www.thomascook.com/ | C37: https://support.thomascook.com/?website=thomascook | D37: YES | E37: YES | F37: YES | G37: YES | H37: YES | I37: YES | J37: YES | K37: YES | L37: NO
A38: =A37+1 -> 33 | B38: www.marriott.com | C38: https://www.marriott.co.uk/marriott/contact.mi | D38: YES | E38: YES | F38: YES | G38: YES | H38: YES | I38: YES | J38: NO | K38: YES | L38: NO
A39: =A38+1 -> 34 | B39: https://www.toyota-global.com/ | C39: https://www.toyota.co.uk/contact-us/ | D39: YES | E39: YES | F39: YES | G39: YES | H39: YES | I39: YES | J39: NO | K39: YES | L39: NO
A40: =A39+1 -> 35 | B40: /www.nokia.com | C40: https://www.nokia.com/contact-us/ | D40: YES | E40: NO | F40: YES | G40: YES | H40: YES | I40: NO | J40: YES | K40: YES | L40: NO
A41: =A40+1 -> 36 | B41: https://www.tsb.co.uk/personal/ | C41: https://www.tsb.co.uk/contact-us/ | D41: NO | E41: NO | F41: YES | G41: YES | H41: YES | I41: YES | J41: YES | K41: YES | L41: NO
A42: =A41+1 -> 37 | B42: www.vistaprint.com | C42: https://www.vistaprint.co.uk/customer-care/service-centre.aspx?xnav=top | D42: YES | E42: YES | F42: YES | G42: YES | H42: YES | I42: YES | J42: NO | K42: YES | L42: NO
A43: =A42+1 -> 38 | B43: https://uk.pandora.net/en | C43: https://uk.pandora.net/en/faqs?cParam=footer_contactus&position=bottom&src=categorySearch&srcName=Contact%20Us | D43: YES | E43: YES | F43: YES | G43: YES | H43: YES | I43: YES | J43: NO | K43: YES | L43: NO
A44: =A43+1 -> 39 | B44: www.acer.com | C44: https://www.acer.com/ac/en/GB/content/service-contact | D44: YES | E44: YES | F44: YES | G44: YES | H44: YES | I44: YES | J44: NO | K44: YES | L44: NO
A45: =A44+1 -> 40 | B45: http://adidas-group.com | C45: http://adidas-group.com/ | D45: NO | E45: YES | F45: YES | G45: YES | H45: YES | I45: YES | J45: NO | K45: YES | L45: NO | M45: WhatsApp, twitter
A46: =A45+1 -> 41 | B46: http://greggs.co.uk | C46: http://greggs.co.uk/ | D46: NO | E46: NO | F46: YES | G46: YES | H46: YES | I46: NO | J46: NO | K46: YES | L46: NO
A47: =A46+1 -> 42 | B47: http://doce-gusto.co.uk | C47: http://doce-gusto.co.uk/ | D47: YES | E47: YES | F47: YES | G47: YES | H47: YES | I47: YES | J47: YES | K47: YES | L47: YES
A48: =A47+1 -> 43 | B48: http://nescafe.co.uk | C48: http://nescafe.co.uk/ | D48: YES | E48: YES | F48: YES | G48: YES | H48: YES | I48: NO | J48: NO | K48: YES | L48: NO
A49: =A48+1 -> 44 | B49: http://unilever.com | C49: http://unilever.com/ | D49: NO | E49: YES | F49: YES | G49: NO | H49: YES | I49: NO | J49: YES | K49: YES | L49: NO
A50: =A49+1 -> 45 | B50: http//jnj.com | C50: http//jnj.com/ | D50: YES | E50: NO | F50: YES | G50: YES | H50: YES | I50: NO | J50: NO | K50: YES | L50: NO
A51: =A50+1 -> 46 | B51: http://mars.com | C51: http://mars.com/ | D51: YES | E51: YES | F51: YES | G51: YES | H51: YES | I51: NO | J51: NO | K51: YES | L51: NO
A52: =A51+1 -> 47 | B52: http://nestle.com | C52: http://nestle.com/ | D52: YES | E52: NO | F52: YES | G52: YES | H52: YES | I52: YES | J52: NO | K52: YES | L52: NO
A53: =A52+1 -> 48 | B53: http//coca-colacompany.com | C53: http//coca-colacompany.com/ | D53: YES | E53: YES | F53: YES | G53: YES | H53: YES | I53: YES | J53: YES | K53: YES | L53: YES
A54: =A53+1 -> 49 | B54: http://pepsico.com | C54: http://pepsico.com/
A55: =A54+1 -> 50 | B55: http://volkswagen.com | C55: http://volkswagen.com/
A56: 51 | B56: http://vauxhall.co.uk | C56: http://vauxhall.co.uk/
A57: =A56+1 -> 52 | B57: http://jaguarlanderover.com | C57: http://jaguarlanderover.com/
A58: =A57+1 -> 53 | B58: http://bp.com | C58: http://bp.com/
A59: =A58+1 -> 54 | B59: http://selfridges.com | C59: http://selfridges.com/
A60: =A59+1 -> 55 | B60: http://harveynichols.com | C60: http://harveynichols.com/
A61: =A60+1 -> 56 | B61: http://halfordscompany.com | C61: http://halfordscompany.com/
A62: =A61+1 -> 57 | B62: http://whsmithplc.co.uk | C62: http://whsmithplc.co.uk/
A63: =A62+1 -> 58 | B63: http://waterstones.com | C63: http://waterstones.com/
A64: =A63+1 -> 59 | B64: http://raccorporate.co.uk | C64: http://raccorporate.co.uk/
A65: =A64+1 -> 60 | B65: http://parcelforce.com | C65: http://parcelforce.com/
A66: =A65+1 -> 61 | B66: http://lushusa.com | C66: http://lushusa.com/
A67: =A66+1 -> 62 | B67: http://colgatepalmolive.com | C67: http://colgatepalmolive.com/
A68: =A67+1 -> 63 | B68: http://duluxtradepaintexpert.co.uk | C68: http://duluxtradepaintexpert.co.uk/
A69: =A68+1 -> 64
A70: =A69+1 -> 65
A71: =A70+1 -> 66
A72: =A71+1 -> 67
A73: =A72+1 -> 68
A74: =A73+1 -> 69
A75: =A74+1 -> 70
